 Dungeon Crawl Stone Soup version 0.30-a0-936-ge0d47acfc0 (webtiles) character file.

Game seed: 18177024731464502613

1139 Querens the Vexing (level 8, -2/36 HPs)
             Began as a Spriggan Enchanter on Mar 24, 2023.
             Slain by an ogre
             ... wielding a +0 giant club
              (32 damage)
             ... on level 5 of the Dungeon.
             The game lasted 00:11:38 (2983 turns).

Querens the Vexing (Spriggan Enchanter)             Turns: 2983, Time: 00:11:39

Health: -2/36      AC:  5    Str:  3    XL:     8   Next: 14%
Magic:  18/18      EV: 20    Int: 16    God:
Gold:   326        SH:  0    Dex: 14    Spells: 14/19 levels left

rFire   + . .      SeeInvis +    r - +10 sling of Delicate Guilt {freeze, rC+++ rCorr Dex-4 SInv}
rCold   + + +      Faith    .    (no shield)
rNeg    + . .      Spirit   .    b - +0 robe
rPois   +          Reflect  .    (helmet restricted)
rElec   .          Rampage  .    y - +2 ratskin cloak {*Rats rPois rN+ Str-1 Int-1 Dex+1}
rCorr   +                        (gloves unavailable)
Will    +....                    (boots unavailable)
Stlth   +++                      (no amulet)
HPRegen 0.26/turn                x - ring of protection from fire
MPRegen 0.16/turn                (no ring)

@: very quick
A: very small, no large weapons, unfitting armour, see invisible, speed 3
a: no special abilities


You were on level 5 of the Dungeon.
You visited 1 branch of the dungeon, and saw 6 of its levels.

You collected 326 gold pieces.

Inventory:

Hand Weapons
 k - a +1 dagger of speed
 r - the +10 sling of Delicate Guilt (weapon) {freeze, rC+++ rCorr Dex-4 SInv}
   (You took it off a hobgoblin on level 4 of the Dungeon)

   Dex:       It affects your dexterity (-4).
   rC:        It renders you almost immune to cold.
   SInv:      It lets you see invisible.
   rCorr:     It protects you from acid and corrosion.
Armour
 b - a +0 robe (worn)
 w - a +0 buckler
 y - the +2 ratskin cloak (worn) {*Rats rPois rN+ Str-1 Int-1 Dex+1}
   (You found it on level 5 of the Dungeon)

   *Rats:     When the wearer is hurt, rats may emerge from it to assist them.
   Str:       It affects your strength (-1).
   Int:       It affects your intelligence (-1).
   Dex:       It affects your dexterity (+1).
   rPois:     It protects you from poison.
   rN:        It protects you from negative energy.
Magical Staves
 d - a staff of death
Jewellery
 x - a ring of protection from fire (left hand)
Wands
 u - a wand of flame (22)
Scrolls
 e - 6 scrolls of teleportation {unknown}
 f - a scroll of enchant weapon {unknown}
 g - 2 scrolls of poison {unknown}
 m - a scroll of blinking {unknown}
 n - 3 scrolls of identify {unknown}
 p - a scroll of vulnerability {unknown}
 q - a scroll of amnesia {unknown}
 s - a scroll of fog {unknown}
 t - 2 scrolls of enchant armour {unknown}
Potions
 a - 2 potions of lignification {unknown}
 c - 2 potions of invisibility
 h - 3 potions of haste {unknown}
 i - a potion of mutation {unknown}
 j - a potion of cancellation {unknown}
 l - a potion of curing {unknown}
 o - 3 potions of attraction {unknown}
 v - a potion of degeneration {unknown}


   Skills:
 - Level 3.5 Short Blades
 + Level 3.3 Ranged Weapons
 + Level 6.6 Dodging
 - Level 4.4 Stealth
 + Level 6.4 Spellcasting
 + Level 6.8 Hexes


You had 14 spell levels left.
You knew the following spells:

 Your Spells              Type           Power      Damage    Failure   Level
a - Ensorcelled Hibernat  Hex/Ice        32%        N/A       4%          2
b - Confusing Touch       Hex            27%        N/A       2%          3

Your spell library contained the following spells:

 Spells                   Type           Power      Damage    Failure   Level
 Tukima's Dance           Hex            27%        N/A       2%          3
 Cause Fear               Hex            13%        N/A       8%          4
 Dazzling Flash           Conj/Hex       32%        N/A       10%         3
 Inner Flame              Hex/Fire       16%        N/A       10%         3
 Blade Hands              Tmut           2%         N/A       98%         5
 Irradiate                Conj/Tmut      2%         3d12      98%         5
 Dragon Form              Tmut           2%         N/A       100%        7
 Discord                  Hex            13%        N/A       100%        8


Dungeon Overview and Level Annotations

Branches:
Dungeon (6/15)
 Temple: D:4-7

Altars:
Cheibriados
Qazlal
Ru
Xom


Innate Abilities, Weirdness & Mutations

You are very small and have problems with some larger weapons.
You are too small for most types of armour.
You have supernaturally acute eyesight. (SInv)
You cover ground extremely quickly. (Speed+++)


Message History

e - 6 scrolls labelled NIWNUB ZUVIARGH (gained 1)
You now have 315 gold pieces (gained 15).
You now have 326 gold pieces (gained 11).
You open the door.
There is an open door here.
There is an open door here.
There is a stone staircase leading down here.
You climb downwards.
There is a stone staircase leading up here.
A wyvern and a shadow imp come into view.
The wyvern hisses angrily.
There are monsters nearby!
You shoot a sling bullet. The sling bullet hits the shadow imp.
The shadow imp shouts, "Flee, thou skyhacking ill-breeding yak-dropping!"
The shadow imp is lightly wounded.
You hear a shout!
An ogre comes into view. It is wielding a +0 giant club.
An orc comes into view.
It is wielding a +2 trident of protection.
There is a stone staircase leading up here.
You shoot a sling bullet. The sling bullet hits the shadow imp.
The shadow imp is lightly wounded.
You shoot a sling bullet. The sling bullet hits the shadow imp!
The sling bullet freezes the shadow imp.
You kill the shadow imp!
You shoot a sling bullet.
The sling bullet closely misses the wyvern.
You shoot a sling bullet.
The sling bullet barely misses the wyvern.
The wyvern bites you! The wyvern barely misses you.
You shoot a sling bullet.
The sling bullet closely misses the wyvern.
The sling bullet hits the orc.
The sling bullet freezes the orc.
You kill the orc!
The wyvern closely misses you. The ogre completely misses you.
The wyvern closely misses you. The wyvern barely misses you.
You climb upwards.
There is a stone staircase leading down here.
The ogre hits you with a +0 giant club!!
Ouch! That really hurt!
You die...

#..'......'...###.......#....
#.##......###.###..#########.
#.##......###'#.......#......
#.##########..........#...... #.#
#.....#########..# ####'######
##........#.......# #.........#
#..>......#.......# #.........#
#l.O.#########..### #.........#
#.@.....#.......# #.........#
###'....#.......# ##...).....#
#..#######..###
...........######...........#####
##..................##...........
#................#########'#####
#................'.# #..........
#...######.......#.###..........
#...# #..........#..............


You could see a wyvern and an ogre.

Vanquished Creatures
  A dream sheep (D:4)
  Edmund (D:5)
  An ice beast (D:5)
  An ogre (D:4)
  A centaur (D:5)
  A scorpion (D:3)
  3 hounds
  A jelly (D:5)
  A gnoll bouda (D:5)
  A sleepcap (D:4)
  3 orc wizards (D:4)
  Ijyb (D:5)
  2 iguanas
  4 gnolls (D:5)
  3 adders
  13 river rats (D:5)
  A shadow imp (D:6)
  An ufetubus (D:5)
  2 worms
  3 dart slugs (D:1)
  10 orcs
  7 ball pythons
  5 bats
  10 endoplasms
  2 giant cockroaches (D:1)
  9 goblins
  4 hobgoblins
  3 jackals (D:1)
  6 kobolds
  3 quokkas
  A frilled lizard (D:2)
  A rat (D:1)
106 creatures vanquished.

Vanquished Creatures (others)
  4 dream sheep (D:4)
4 creatures vanquished.

Grand Total: 110 creatures vanquished

Notes
Turn   | Place    | Note
-------+----------+-------------------------------------------
     0 | D:1      | Querens the Spriggan Enchanter began the quest for the Orb.
     0 | D:1      | Reached XP level 1. HP: 9/9 MP: 5/5
    76 | D:1      | Reached XP level 2. HP: 13/13 MP: 7/7
   227 | D:1      | Learned a level 2 spell: Ensorcelled Hibernation
   261 | D:1      | Found a faded altar of an unknown god.
   397 | D:1      | Reached XP level 3. HP: 11/16 MP: 4/8
   728 | D:2      | Reached XP level 4. HP: 21/21 MP: 8/10
  1171 | D:3      | Found a stormy altar of Qazlal.
  1332 | D:3      | Found a sacrificial altar of Ru.
  1429 | D:3      | Noticed a scorpion
  1432 | D:3      | Killed a scorpion
  1433 | D:3      | Reached XP level 5. HP: 24/24 MP: 10/12
  1474 | D:3      | Found a snail-covered altar of Cheibriados.
  1699 | D:4      | Reached skill level 5 in Hexes
  1811 | D:4      | Reached XP level 6. HP: 28/28 MP: 10/13
  1864 | D:4      | Identified the +10 sling of Delicate Guilt {freeze, rC+++
                  | rCorr Dex-4 SInv}
  1899 | D:4      | Learned a level 3 spell: Confusing Touch
  2046 | D:4      | Noticed a dream sheep
  2046 | D:4      | Noticed a dream sheep
  2046 | D:4      | Noticed a dream sheep
  2046 | D:4      | Noticed a dream sheep
  2046 | D:4      | Noticed a dream sheep
  2046 | D:4      | Found a shimmering altar of Xom.
  2052 | D:4      | Killed a dream sheep
  2052 | D:4      | Killed a dream sheep
  2052 | D:4      | Killed a dream sheep
  2052 | D:4      | Killed a dream sheep
  2052 | D:4      | Killed a dream sheep
  2135 | D:4      | Found the +10 dark maul {heavy}
  2170 | D:4      | Reached skill level 1 in Ranged Weapons
  2170 | D:4      | Reached skill level 5 in Dodging
  2170 | D:4      | Reached skill level 5 in Spellcasting
  2189 | D:5      | Entered Level 5 of the Dungeon
  2210 | D:5      | Noticed Edmund
  2242 | D:5      | Killed Edmund
  2243 | D:5      | Reached XP level 7. HP: 18/32 MP: 14/16
  2303 | D:5      | Noticed Ijyb
  2310 | D:5      | Killed Ijyb
  2666 | D:5      | Reached XP level 8. HP: 30/36 MP: 18/18
  2772 | D:5      | Found the +2 ratskin cloak {*Rats rPois rN+ Str-1 Int-1
                  | Dex+1}
  2983 | D:5      | Slain by an ogre

Illustrated notes

Levels and vault maps discovered:
D:1:      minmay_arrival_three_doors, layout_loops_cross,
          hellmonk_ecumenical_altar_crossroads, minmay_pentomino_x2
D:2:      layout_loops_ring
D:3:      layout_rooms, grunt_qazlal_sundering, nicolae_ru_sacrificial_ziggurat,
          mainiacjoe_overflow_concentric_impassable
D:4:      layout_loops_cross, kb_xom_exploding_sheep
D:5:      wander_guarded_unrand_ratskin, layout_basic,
          hangedman_abyss_or_decor_stagger, uniq_ijyb, uniq_edmund
D:6:      layout_loops_cross, minmay_temple_entry_statues_pillars

Skill      XL: |  1  2  3  4  5  6  7 |
---------------+----------------------+-----
Spellcasting   | 3 4 5 6 |  6.4
Hexes          | 4 5 6 |  6.8
Short Blades   | 2 3 |  3.5
Dodging        | 3 4 5 6 |  6.6
Ranged Weapons | 1 3 |  3.3
Stealth        | |  4.4

Action                     |  1- 3 |  4- 6 |  7- 9 || total
---------------------------+-------+-------+-------++-------
  Melee: Dagger            |    81 |   127 |       ||   208
   Fire: Sling             |       |    27 |    97 ||   124
   Cast: Ensorcelled Hiber |     2 |    12 |       ||    14
   Stab: Sleeping          |    12 |    13 |       ||    25
 Armour: Robe              |     7 |     6 |     4 ||    17
  Dodge: Dodged            |    40 |    82 |    43 ||   165

Table legend: (Time is in decaauts)
 A = Elapsed time spent in this place.
 B = Non-inter-level travel time spent in this place.
 C = Inter-level travel time spent in this place.
 D = Time resting spent in this place.
 E = Time spent auto-exploring this place.
 F = Levels seen in this place.
 G = Mean time per level.
                   A        B        C        D        E       F      G
               +--------+--------+--------+--------+--------+-----+--------+
         Total |   1952 |   1832 |    120 |      0 |      0 |   6 |  325.3 |
       Dungeon |   1952 |   1832 |    120 |      0 |      0 |   6 |  325.3 |
               +--------+--------+--------+--------+--------+-----+--------+

Top non-repeatable levels by time:
     D:5: 550 daAuts
     D:4: 422 daAuts
     D:1: 396 daAuts
     D:2: 321 daAuts
     D:3: 247 daAuts
     D:6: 15 daAuts
